 Dungeon Crawl Stone Soup version 0.29-a0-337-g68df138881 (webtiles) character file.

Game seed: 9474265117836374568

3341 Morbidden the Ruffian (level 9, 0/83 HPs)
             Began as a Troll Air Elementalist on Apr 16, 2022.
             Was a Follower of Vehumet.
             Killed from afar by Erica (11 damage)
             ... with an iceblast
             ... on level 8 of the Dungeon.
             The game lasted 00:12:41 (7947 turns).

Morbidden the Ruffian (Troll Air Elementalist)      Turns: 7947, Time: 00:12:42

Health: 0/83       AC: 10    Str: 15 (18) XL:     9   Next: 72%
Magic:  22/22      EV: 11    Int: 14 (15) God:    Vehumet [*.....]
Gold:   469        SH:  0    Dex: 13 (14) Spells: 8/15 levels left

rFire   . . .      SeeInvis .     - Unarmed
rCold   . . .      Faith    .   (no shield)
rNeg    . . .      Spirit   .   C - +0 steam dragon scales
rPois   .          Reflect  .   q - +2 hat
rElec   .          Harm     .   D - +0 cloak
rCorr   .          Rampage  .   (gloves unavailable)
Will    .....                   (boots unavailable)
Stlth   ++........              (no amulet)
HPRegen 1.03/turn               c - +4 ring of slaying
MPRegen 0.18/turn               j - ring of magical power

@: mighty, brilliant, invisible
A: large, unfitting armour, claws 3, regeneration 1, shaggy fur 1, tough skin 1,
agile 2
a: Renounce Religion


You were on level 8 of the Dungeon.
You worshipped Vehumet.
Vehumet was aware of your devotion.
You visited 2 branches of the dungeon, and saw 9 of its levels.

You collected 469 gold pieces.

Inventory:

Missiles
 w - 4 javelins (quivered)
Armour
 q - a +2 hat (worn)
 C - +0 steam dragon scales (worn)
 D - a +0 cloak (worn)
Jewellery
 c - a +4 ring of slaying (left claw)
 j - a ring of magical power (right claw)
 m - a ring of magical power
Wands
 e - a wand of iceblast (10)
 f - a wand of charming (8)
 i - a wand of flame (18)
Scrolls
 d - a scroll of enchant armour
 g - 3 scrolls of teleportation
 o - a scroll of amnesia
 r - a scroll of fog
 z - a scroll of enchant weapon
Potions
 b - a potion of magic
 l - 2 potions of mutation
 n - a potion of flight
 u - a potion of curing
 v - 2 potions of attraction
 A - 2 potions of brilliance
 B - 2 potions of resistance


   Skills:
 * Level 3.4 Fighting
 + Level 1.0 Throwing
 * Level 4.1 Dodging
 + Level 1.5 Stealth
 * Level 6.7 Unarmed Combat
 * Level 3.8 Spellcasting
 * Level 4.3 Conjurations
 * Level 4.1 Air Magic


You had 8 spell levels left.
You knew the following spells:

 Your Spells              Type           Power      Damage    Failure   Level
a - Shock                 Conj/Air       84%        1d8       3%          1
b - Static Discharge      Conj/Air       21%        N/A       5%          2
c - Airstrike             Air            10%        N/A       34%         4

Your spell library contained the following spells:

 Spells                   Type           Power      Damage    Failure   Level
 Foxfire                  Conj/Fire      52%        2x1d6     9%          1
 Swiftness                Air            21%        N/A       11%         3
 Blink                    Tloc           8%         N/A       30%         2
 Sublimation of Blood     Necr           4%         N/A       30%         2
 Wereblood                Tmut           4%         N/A       30%         2
 Freezing Cloud           Conj/Ice/Air   7%         6-21      86%         5
 Manifold Assault         Tloc           4%         N/A       99%         5
 Dispersal                Tloc           2%         N/A       100%        6
 Simulacrum               Ice/Necr       2%         N/A       100%        6
 Storm Form               Tmut/Air       6%         N/A       100%        7
 Summon Hydra             Summ           2%         N/A       100%        7
 Disjunction              Tloc           2%         N/A       100%        8
 Polar Vortex             Ice            2%         N/A       100%        9


Dungeon Overview and Level Annotations

Branches:
Dungeon (8/15)             Temple (1/1) D:6
   Lair: D:8-11

Altars:
Ashenzari
Dithmenos
Fedhas
Gozag
Hepliaklqana
Kikubaaqudgha
Makhleb
Nemelex Xobeh
Okawaru
Qazlal
Ru
Sif Muna
Trog
Uskayaw
Vehumet
Wu Jian
Xom
Yredelemnul
The Shining One

Shops:
D:5 (

Annotations:
D:5 3 runed translucent doors, Jortsu's ghost, novice TrFi
D:8 Erica


Innate Abilities, Weirdness & Mutations

You are too large for most types of armour.
You have claws for hands.
Your natural rate of healing is unusually fast.
You are covered in fur. (AC +1)
You have tough skin. (AC +1)
You are very agile. (Dex +4)


Message History

* * * LOW HITPOINT WARNING * * *
Unknown command.
Unknown command.
Throw: dart (curare)
Press: ? - help, Q - select action, (/) - cycle Shift-Dir - straight line, f/p - orc warrior
Aim: an orc warrior, wielding a +0 flail and wearing a +0 plate armour (63% to hit)
You throw a curare-tipped dart.
The curare-tipped dart closely misses the orc warrior.
The curare-tipped dart closely misses the goblin.
The curare-tipped dart hits the orc.
The orc is poisoned.
The orc convulses.
The orc seems to slow down.
The orc is almost dead.
Unknown command.
Unknown command.
You claw something!
You kill the orc!
Vehumet accepts your kill. Something hits you.
* * * LOW HITPOINT WARNING * * *
Something burns you.
* * * LOW HITPOINT WARNING * * *
Unknown command.
Unknown command.
You feel better.
You hear some strange, mumbled words.
Something tries to affect you, but you resist.
Unknown command.
Unknown command.
Unknown command.
You fade into invisibility!
The goblin throws a boomerang.
The boomerang hits the orc warrior but does no damage.
Unknown command.
Unknown command.
Unknown command.
You float gracefully downwards.
You hear a zap.
An iceblast appears from out of thin air!
The mass of ice explodes!
The iceblast engulfs you!
You die...

** *,**,,* #.(.# *,,.,,, *,**,,*
###...###,≈≈≈≈≈ *,**,,*
#.......#.≈.>,≈ *,*#..*
#.........≈.∩,≈ *,*#.5*
#gg{....#,≈,,,≈ *,*#..##
##o#...###,≈≈≈≈≈ *,*#...###
##{##.ogg#*,,,,.. *,**.$.§.#
###.#####o#.#**,.#, *,,*,F§#.#
#.@## ##.##*.##(.#[ **,**#o#.#
#.#.###o## ##).....
*,,,*#o#.###.##.###.###{##),*,
*,#.§o§§§§.......#.#{#)##*,.*,
***#...##o#§o.....##.....##**,,*,
,,....**#§###.#.#.##.#.#.#**,*,*,
**###,,,.................)..#**,,
****#.......#.##########.#,**
######.#.## **,**


You could see an orc warrior (can't see you) and 2 goblins.

Vanquished Creatures
  Joseph (D:8)
  Sigmund (D:3)
  2 steam dragons
  3 water moccasins
  2 orc warriors
  A sky beast (D:6)
  2 ice beasts
  An ogre (D:5)
  2 centaurs
  A kobold brigand (D:8)
  4 necrophages
  A gnoll sergeant (D:7)
  A bullfrog (D:7)
  2 scorpions
  3 wights (D:8)
  4 killer bees (D:7)
  4 hounds
  A jelly (D:6)
  2 orc priests
  Terence (D:2)
  5 orc wizards
  9 gnolls
  10 adders
  A white imp (D:6)
  An ufetubus (D:6)
  2 worms
  2 dart slugs (D:4)
  29 orcs
  8 ball pythons
  7 bats
  2 endoplasms (D:2)
  3 giant cockroaches
  7 goblins
  10 hobgoblins
  8 jackals
  9 kobolds
  2 quokkas
  5 frilled lizards
  7 rats
166 creatures vanquished.

Vanquished Creatures (collateral kills)
  A wight (D:8)
  A shadow imp (D:8)
2 creatures vanquished.

Vanquished Creatures (others)
  2 plants (D:5)
2 creatures vanquished.

Grand Total: 170 creatures vanquished

Notes
Turn   | Place    | Note
-------+----------+-------------------------------------------
     0 | D:1      | Morbidden the Troll Air Elementalist began the quest for
                  | the Orb.
     0 | D:1      | Reached XP level 1. HP: 16/16 MP: 1/1
    57 | D:1      | Reached XP level 2. HP: 24/24 MP: 2/2
   462 | D:1      | Found a faded altar of an unknown god.
   739 | D:2      | Reached XP level 3. HP: 22/32 MP: 4/4
   943 | D:2      | Reached skill level 1 in Unarmed Combat
   946 | D:2      | Learned a level 2 spell: Static Discharge
  1112 | D:2      | Reached skill level 1 in Fighting
  1590 | D:2      | Reached skill level 1 in Conjurations
  1590 | D:2      | Reached XP level 4. HP: 41/41 MP: 5/5
  1844 | D:3      | Noticed Terence
  1857 | D:2      | Killed Terence
  2351 | D:3      | Reached XP level 5. HP: 30/48 MP: 6/6
  2583 | D:3      | Noticed Sigmund
  2651 | D:3      | Gained mutation: You are agile. (Dex +2) [potion of
                  | mutation]
  2651 | D:3      | Gained mutation: You are very agile. (Dex +4) [potion of
                  | mutation]
  2654 | D:3      | Killed Sigmund
  2655 | D:3      | Reached skill level 2 in Unarmed Combat
  2655 | D:3      | Reached XP level 6. HP: 18/55 MP: 8/8
  3049 | D:4      | Noticed a yak
  3140 | D:4      | Found a hide-covered altar of Uskayaw.
  3259 | D:4      | Found a broken altar of Ashenzari.
  3270 | D:4      | Found an ancient bone altar of Kikubaaqudgha.
  3273 | D:4      | Found a stormy altar of Qazlal.
  3273 | D:4      | Found a shadowy altar of Dithmenos.
  3289 | D:4      | Found a burning altar of Makhleb.
  3822 | D:5      | Entered Level 5 of the Dungeon
  3845 | D:5      | Reached XP level 7. HP: 60/63 MP: 9/9
  3919 | D:5      | Reached skill level 3 in Unarmed Combat
  4027 | D:5      | Learned a level 4 spell: Airstrike
  4213 | D:5      | Noticed a hornet
  4215 | D:5      | Noticed Jortsu's ghost (novice TrFi)
  4216 | D:5      | Found a runed translucent gate.
  4218 | D:5      | Found a runed translucent gate.
  4222 | D:5      | Found a runed translucent gate.
  4413 | D:5      | Found a faded altar of an unknown god.
  4413 | D:5      | Found a hazy altar of Hepliaklqana.
  4415 | D:5      | Found a faded altar of an unknown god.
  4517 | D:5      | Found Litethomm's Weapon Shop.
  4592 | D:5      | Reached XP level 8. HP: 72/72 MP: 11/11
  4651 | D:5      | Found a bloodstained altar of Trog.
  4920 | D:6      | Found a staircase to the Ecumenical Temple.
  4935 | Temple   | Entered the Ecumenical Temple
  5067 | Temple   | Became a worshipper of Vehumet
  5776 | D:6      | HP: 1/74 [steam dragon/ball of steam (7)]
  5780 | D:6      | Reached skill level 4 in Unarmed Combat
  5964 | D:6      | Found a basalt altar of Yredelemnul.
  6004 | D:6      | Found a sparkling altar of Nemelex Xobeh.
  6480 | D:7      | Reached XP level 9. HP: 80/80 MP: 13/13
  6865 | D:7      | Reached skill level 5 in Unarmed Combat
  7213 | D:7      | Reached * piety under Vehumet
  7213 | D:7      | Offered knowledge of Foxfire by Vehumet.
  7216 | D:7      | Reached skill level 6 in Unarmed Combat
  7881 | D:8      | Noticed Joseph
  7903 | D:8      | Noticed Erica
  7912 | D:8      | Killed Joseph
  7913 | D:8      | Reached skill level 1 in Throwing
  7944 | D:8      | HP: 4/83 [something (4)]
  7947 | D:8      | Killed from afar by Erica

Illustrated notes

Levels and vault maps discovered:
D:1:      minmay_arrival_glassed_features, layout_basic,
          dreamdust_ecumenical_altar_angels_and_demons, minmay_tall_x
D:2:      layout_basic
D:3:      layout_rooms, uniq_sigmund, uniq_terence
D:4:      layout_basic, nicolae_overflow_hallway_of_the_gods,
          nicolae_uskayaw_dance_hall, roderic_roman_lattice, minmay_starry_boxes
D:5:      layout_basic, nicolae_hepliaklqana_ecumenical_no_more,
          marbit_many_paths, serial_shops, nicolae_square_shop,
          gammafunk_ghost_split, kennysheep_dice
D:6:      layout_loops_cross, kennysheep_mini_moat, nemelex_spade_bored_becter,
          minmay_temple_entry_drinking_statues, serial_bayou,
          serial_bayou_shore_b, serial_bayou_shore_b, serial_bayou_pond_d,
          serial_bayou_pond_d
D:7:      layout_cave_pools, serial_co_window_serial, co_window_paths_b,
          co_window_paths_a, co_window_corner_a, co_window_paths_b,
          co_window_paths_a, co_window_of_opportunity_a, co_window_paths_b,
          co_window_paths_c, co_window_broadway_a, co_window_corner_b,
          co_window_cross_2, co_window_sun, co_window_4corner_b, glass_columns_b
D:8:      layout_loops_ring, gammafunk_temple_overflow_elements, enter_bailey_5,
          minmay_ruined_shrine, uniq_grum, uniq_joseph, uniq_erica
Temple:   nicolae_temple_figure_zero

Skill      XL: |  1  2  3  4  5  6  7  8  9 |
---------------+----------------------------+-----
Unarmed Combat | 1 2 3 4 6 |  6.7
Fighting       | 1 2 3 |  3.4
Dodging        | 2 3 4 |  4.1
Conjurations   | 1 2 3 4 |  4.3
Spellcasting   | 2 3 |  3.8
Air Magic      | 3 4 |  4.1
Throwing       | 1 |  1.0
Stealth        | |  1.5

Action                   |  1- 3 |  4- 6 |  7- 9 || total
-------------------------+-------+-------+-------++-------
Melee: Unarmed           |    73 |    77 |   172 ||   322
       Punch             |       |     1 |     2 ||     3
Throw: Dart              |       |     2 |    12 ||    14
       Javelin           |       |       |    10 ||    10
 Cast: Shock             |    49 |    68 |   124 ||   241
       Static Discharge  |       |     4 |     5 ||     9
Evoke: Wand              |       |       |     3 ||     3
  Use: Potion            |       |     4 |    11 ||    15
       Scroll            |       |     3 |    10 ||    13
 Stab: Sleeping          |     2 |       |     1 ||     3
Armor: Robe              |    37 |    28 |    39 ||   104
       Skin              |       |     1 |       ||     1
       Steam dragon scal |       |       |    43 ||    43
Dodge: Dodged            |    47 |    56 |    92 ||   195

Table legend: (Time is in decaauts)
 A = Elapsed time spent in this place.
 B = Non-inter-level travel time spent in this place.
 C = Inter-level travel time spent in this place.
 D = Time resting spent in this place.
 E = Time spent auto-exploring this place.
 F = Levels seen in this place.
 G = Mean time per level.
                   A        B        C        D        E       F      G
               +--------+--------+--------+--------+--------+-----+--------+
         Total |   7952 |   7598 |    354 |   1266 |   4980 |   9 |  883.6 |
       Dungeon |   7809 |   7464 |    345 |   1266 |   4867 |   8 |  976.1 |
        Temple |    142 |    133 |      9 |      0 |    113 |   1 |  142.0 |
               +--------+--------+--------+--------+--------+-----+--------+

Top non-repeatable levels by time:
     D:2: 1533 daAuts
     D:6: 1394 daAuts
     D:7: 1364 daAuts
     D:5: 1133 daAuts
     D:4: 803 daAuts
     D:3: 770 daAuts
     D:1: 723 daAuts
  Temple: 142 daAuts
     D:8: 86 daAuts
